 Dungeon Crawl Stone Soup version 0.23.2-30-g0e89c35649 (webtiles) character file.

Game seed: 7496951919076265652

29 Folque the Gusty (level 3, -4/19 HPs)
             Began as a Tengu Air Elementalist on June 20, 2019.
             Slain by a goblin
             ... wielding a +0 dagger
             ... led by Robin
              (5 damage)
             ... on level 2 of the Dungeon.
             The game lasted 00:03:10 (399 turns).

Folque the Gusty (Tengu Air Elementalist)            Turns: 399, Time: 00:03:11

Health: -4/19      AC:  2    Str:  8    XL:     3   Next: 16%
Magic:  3/8        EV: 12    Int: 16    God:
Gold:   12         SH:  0    Dex: 14    Spells: 4/7 levels left

rFire    . . .     SeeInvis .   (no weapon)
rCold    . . .     Gourm    .   (no shield)
rNeg     . . .     Faith    .   a - +0 robe
rPois    .         Spirit   .   (helmet restricted)
rElec    .         Reflect  .   (no cloak)
rCorr    .         Harm     .   (no gloves)
MR       .....                  (boots unavailable)
Stlth    ++........             (no amulet)
HPRegen  0.06/turn              (no ring)
MPRegen  0.11/turn              (no ring)

@: no status effects
A: beak, talons 3
a: no special abilities


You were on level 2 of the Dungeon.
You were not hungry.

You visited 1 branch of the dungeon, and saw 2 of its levels.

You collected 12 gold pieces.

Inventory:

Armour
 a - a +0 robe (worn)
Scrolls
 d - 3 scrolls of immolation {unknown}
 h - 2 scrolls of teleportation {unknown}
Potions
 e - a potion of mutation {unknown}
 f - a potion of haste {unknown}
 g - a potion of flight {unknown}
 i - a potion of curing {unknown}
Comestibles
 b - 2 chunks of flesh
 c - 3 rations


   Skills:
 - Level 2.1 Dodging
 - Level 2.0 Stealth
 * Level 2.7 Spellcasting
 + Level 2.2 Conjurations
 + Level 4.4 Air Magic


You had 4 spell levels left.
You knew the following spells:

 Your Spells              Type           Power        Failure   Level  Hunger
a - Shock                 Conj/Air       ##..         4%          1    #......
b - Swiftness             Chrm/Air       #.......     12%         2    ##.....

Your spell library contained the following spells:

 Spells                   Type           Power        Failure   Level  Hunger
 Static Discharge         Conj/Air       ##......     14%         3    ###....
 Airstrike                Air            ###.......   30%         4    #####..
 Lightning Bolt           Conj/Air       ##........   80%         5    ######.


Dungeon Overview and Level Annotations

Branches:
Dungeon (1/15)

Altars:
Ru

Annotations:
D:2 Robin


Innate Abilities, Weirdness & Mutations

You have a beak for a mouth.
You have claws for feet.


Message History

The goblin no longer looks unusually strong.
Robin roars a battlecry!
The goblin goes into a battle-frenzy!
The goblin hits you with a +0 dagger.
Robin says, "Kneel, worm!"
The goblin hits you with a +0 dagger. The hobgoblin closely misses you.
Robin hits you with a +0 mace of crushing.
* * * LOW HITPOINT WARNING * * *
x2 The goblin no longer looks unusually strong.
Robin roars a battlecry!
The goblins go into a battle-frenzy!
Robin throws the goblin at you!
* * * LOW HITPOINT WARNING * * *
The goblin hits you but does no damage. The goblin closely misses you.
The hobgoblin hits you.
* * * LOW HITPOINT WARNING * * *
Robin throws the goblin at you! The goblin hits you with a +0 dagger.
You die...

.......)(..÷..# #.. #.......#...
..........##..# .. #.......#...
....g..#.#....#########.#######..
.....g.#g()#............# #.#
.g..g..##†.#.##########.# #†#
).g..?(##)...# #####.# #.#
..l....##.†#.# #.....# ##.#
.......###)#.######.##########..#
.......# #.#...g@g.............##
##...g####.............#
###.....# #.............#
##.......# ###############
#........#### #......>....#
#...........# #...........#
##..........#


You could see Robin, a hobgoblin and a goblin.

Vanquished Creatures
  An ooze (D:2)
  A leopard gecko (D:1)
  A ball python (D:1)
  A bat (D:2)
  A hobgoblin (D:1)
  2 quokkas (D:2)
  A frilled lizard (D:2)
  10 goblins
  4 rats
22 creatures vanquished.

Notes
Turn   | Place    | Note
-------+----------+-------------------------------------------
     0 | D:1      | Folque the Tengu Air Elementalist began the quest for the
                  | Orb.
     0 | D:1      | Reached XP level 1. HP: 10/10 MP: 4/4
   131 | D:1      | Reached XP level 2. HP: 15/15 MP: 4/6
   136 | D:1      | Learned a level 2 spell: Swiftness
   186 | D:1      | You fall through a shaft!
   215 | D:2      | Found a sacrificial altar of Ru.
   356 | D:2      | Noticed Robin
   370 | D:2      | Reached XP level 3. HP: 13/19 MP: 2/8
   399 | D:2      | Slain by a goblin

Skill      XL: |  1  2 |
---------------+-------+-----
Conjurations   | 2 |  2.2
Dodging        | |  2.1
Stealth        | |  2.0
Spellcasting   | |  2.7
Air Magic      | |  4.4

Action                   || total
-------------------------++-------
Melee: Unarmed           ||    30
       Kick              ||     6
       Peck              ||     1
 Cast: Shock             ||    20
Armor: Robe              ||     5
Dodge: Dodged            ||    33
